 Dungeon Crawl Stone Soup version 0.30-a0-845-g7c6808c8ce (webtiles) character file.

Game seed: 9926617453573521434

6 Monkooky the Sneak (level 1, 0/15 HPs)
             Began as a Vampire Delver on Mar 2, 2023.
             Slain by a quokka (4 damage)
             ... on level 3 of the Dungeon.
             The game lasted 00:01:52 (281 turns).

Monkooky the Sneak (Vampire Delver)                  Turns: 281, Time: 00:01:53

Health: 0/15       AC:  3    Str: 11    XL:     1   Next: 75%
Magic:  1/1        EV: 12    Int: 12    God:
Gold:   142        SH:  0    Dex: 15    Spells: 0/0 levels left

rFire   . . .      SeeInvis +    a - +0 short sword
rCold   . . .      Faith    .    (no shield)
rNeg    . . .      Spirit   .    b - +0 leather armour
rPois   .          Reflect  .    (no helmet)
rElec   .          Rampage  .    (no cloak)
rCorr   .                        (no gloves)
Will    .....                    (no boots)
Stlth   +++                      (no amulet)
HPRegen 0.42/turn                (no ring)
MPRegen 0.07/turn                (no ring)

@: healing quickly
A: alive, fangs 3, see invisible, vampiric 1, [frail 1]
a: Exsanguinate


You were on level 3 of the Dungeon.
You visited 1 branch of the dungeon, and saw 3 of its levels.

You collected 142 gold pieces.

Inventory:

Hand Weapons
 a - a +0 short sword (weapon)
Armour
 b - a +0 leather armour (worn)
Wands
 g - a wand of digging (2)
Scrolls
 c - a scroll of fog
 d - a scroll of identify {unknown}
 e - a scroll of fear
Potions
 f - a potion of haste


   Skills:
 - Level 2.6 Fighting
 * Level 2.5 Short Blades
 - Level 2.1 Dodging
 - Level 7.5 Stealth


You couldn't memorise any spells.
You didn't know any spells.
Your spell library was empty.

Dungeon Overview and Level Annotations

Branches:
Dungeon (5/15)
 Temple: D:4-7

Altars:

Portals:
Sewer: D:3

Annotations:
D:5 exclusions: howler monkey and scorpion, Ijyb


Innate Abilities, Weirdness & Mutations

Your natural rate of healing is accelerated.
You have razor-sharp teeth.
You have supernaturally acute eyesight. (SInv)
You are afflicted with vampirism.
[You are frail. (-10% HP)]


Message History

The jackal is heavily wounded.
The jackal closely misses you.
You barely miss the jackal.
The jackal is heavily wounded.
The jackal bites you.
You hit the jackal. You bite the jackal.
The jackal is almost dead.
The jackal barely misses you.
The jackal bites you but does no damage.
You closely miss the jackal. Your bite misses the jackal.
The jackal is severely wounded.
The jackal barely misses you.
You barely miss the jackal.
The jackal is severely wounded.
The jackal bites you.
You hit the jackal. Your bite misses the jackal.
The jackal is almost dead.
You hear the slow rusting of a drain very nearby.
The jackal barely misses you. The jackal misses you.
You barely miss the jackal.
The jackal is almost dead.
The jackal bites you.
You hit the jackal.
You kill the jackal!
You hit the quokka but do no damage. The quokka bites you.
You are too injured to fight recklessly!
You are too injured to fight recklessly!
You are too injured to fight recklessly!
You hit the quokka but do no damage. The quokka bites you.
* * * LOW HITPOINT WARNING * * *
An orc comes into view. It is wielding a +0 hand axe.
The orc shouts!
You hit the quokka.
The quokka is moderately wounded.
The quokka bites you.
* * * LOW HITPOINT WARNING * * *
You hit the quokka but do no damage.
The quokka is moderately wounded.
The quokka bites you.
You die... ~P~PP

.# ..~PP~ #.
.PP~~P### .#
...PP..>##.#
#######.#..###.r.
#.#.#...#.
#.....#.h.
#.#.####.# #.#@#
#h#
#.#r####.###.#
#.#.o........#
##........##.#
+...#...#....#
#...~~~~~†...#
#.#~~~~~~~#..#
....~~~~~~~~..#
##...~~~∩~~~...#


You could see an orc and a quokka.

Vanquished Creatures
  4 jackals (D:3)
  A ball python (D:3)
  A toadstool (D:4)
6 creatures vanquished.

Vanquished Creatures (others)
  A fungus (D:4)
  18 plants
19 creatures vanquished.

Grand Total: 25 creatures vanquished

Notes
Turn   | Place    | Note
-------+----------+-------------------------------------------
     0 | D:5      | Monkooky the Vampire Delver began the quest for the Orb.
     0 | D:5      | Reached XP level 1. HP: 17/17 MP: 1/1
    52 | D:5      | Noticed a howler monkey
   127 | D:5      | Noticed Ijyb
   127 | D:5      | Noticed a scorpion
   174 | D:5      | Noticed a black bear
   235 | D:3      | Found a glowing drain.
   281 | D:3      | Slain by a quokka

Illustrated notes

Levels and vault maps discovered:
D:3:      layout_basic, grunt_temple_overflow_opulence,
          amethyst_overflow_temple_binary, cheibrodos_sewer_entry_drain,
          serial_bayou, serial_bayou_pond_d, serial_bayou_crossing,
          serial_bayou_pond_b, serial_bayou_lagoon_b, serial_bayou_lagoon_a,
          serial_bayou_shore_b, minmay_fractal_squares_diagonal_5
D:4:      layout_basic, minmay_gold_behind_fungi
D:5:      layout_loops_cross, serial_bayou, serial_bayou_pond_a,
          serial_bayou_pond_a, serial_bayou_pond_e, serial_bayou_lake_a,
          uniq_ijyb

Action                     || total
---------------------------++-------
  Melee: Short sword       ||    31
         Bite              ||     4
Ability: Exsanguinate      ||     1
         Revivify          ||     1
  Evoke: Wand              ||     1
    Use: Scroll            ||     1
 Armour: Leather armour    ||     6
  Dodge: Dodged            ||    16

Table legend: (Time is in decaauts)
 A = Elapsed time spent in this place.
 B = Non-inter-level travel time spent in this place.
 C = Inter-level travel time spent in this place.
 D = Time resting spent in this place.
 E = Time spent auto-exploring this place.
 F = Levels seen in this place.
 G = Mean time per level.
                   A        B        C        D        E       F      G
               +--------+--------+--------+--------+--------+-----+--------+
         Total |    277 |    262 |     15 |      0 |     92 |   3 |   92.3 |
       Dungeon |    277 |    262 |     15 |      0 |     92 |   3 |   92.3 |
               +--------+--------+--------+--------+--------+-----+--------+

Top non-repeatable levels by time:
     D:5: 179 daAuts
     D:3: 54 daAuts
     D:4: 43 daAuts
